 Dungeon Crawl Stone Soup version 0.30.1-9-gdf580d7c3d (webtiles) character file.

Game seed: 8170760154518282238

251 lonewolfV2 the Trooper (level 5, -2/50 HPs)
             Began as a Minotaur Fighter on Oct 23, 2023.
             Was an Initiate of Yredelemnul.
             Slain by Crazy Yiuf
             ... wielding a +2 quarterstaff of chaos
              (6 damage)
             ... on level 3 of the Dungeon.
             The game lasted 00:04:28 (2693 turns).

lonewolfV2 the Trooper (Minotaur Fighter)           Turns: 2693, Time: 00:04:29

Health: -2/50      AC:  8    Str: 23    XL:     5   Next: 88%
Magic:  4/4        EV:  9    Int: 11    God:    Yredelemnul [......]
Gold:   145        SH:  4    Dex:  9    Spells: 4/4 levels left

rFire   . . .        a - +1 war axe
rCold   . . .        c - +0 buckler
rNeg    . . .        b - +0 scale mail
rPois   .            (helmet restricted)
rElec   .            i - +0 cloak
rCorr   .            (no gloves)
SInv    .            (no boots)
Will    .....        (no amulet) Stlth
                     h - +6 ring of intelligence
HPRegen 0.28/turn    (no ring)
MPRegen 0.09/turn

%: no passive effects
@: mighty, lethally poisoned (-2 -> -18)
A: horns 2, retaliatory headbutt
a: Renounce Religion, Recall Undead Harvest


You were on level 3 of the Dungeon.
You worshipped Yredelemnul.
Yredelemnul was noncommittal.
You visited 1 branch of the dungeon, and saw 3 of its levels.

You collected 145 gold pieces.

Inventory:

Hand Weapons
 a - a +1 war axe (weapon)
Missiles
 m - a throwing net (quivered)
Armour
 b - a +0 scale mail (worn)
 c - a +0 buckler (worn)
 i - a +0 cloak (worn)
Jewellery
 h - a +6 ring of intelligence (left hand)
Scrolls
 e - 2 scrolls of identify
 j - a scroll of silence
 l - a scroll of amnesia {unknown}
 n - 2 scrolls of noise {unknown}
 o - a scroll of fog {unknown}
 p - 2 scrolls of teleportation {unknown}
 q - 2 scrolls of enchant weapon
 r - a scroll of blinking {unknown}
Potions
 f - 2 potions of lignification {unknown}
 g - a potion of haste
 k - a potion of heal wounds {unknown}
 s - a potion of degeneration {unknown}
 t - a potion of flight {unknown}
 u - 2 potions of brilliance {unknown}


   Skills:
 + Level 6.2 Fighting
 + Level 5.5 Axes
 - Level 3.6 Armour
 - Level 3.6 Shields


You had 4 spell levels left.
You didn't know any spells.
Your spell library contained the following spells:

 Spells                   Type           Power      Damage    Failure   Level
 Apportation              Tloc           0%         N/A       71%         1
 Frozen Ramparts          Ice            0%         1d1       97%         3
 Inner Flame              Hex/Fire       0%         N/A       97%         3
 Summon Guardian Golem    Hex/Summ       0%         N/A       97%         3
 Ice Form                 Ice/Tmut       0%         N/A       100%        4
 Summon Ice Beast         Ice/Summ       0%         N/A       100%        4
 Alistair's Intoxication  Tmut/Pois      0%         N/A       100%        5
 Yara's Violent Unravell  Hex/Tmut       0%         3d3       100%        5
 Enfeeble                 Hex            0%         N/A       100%        7
 Orb of Destruction       Conj           0%         9d5       100%        7
 Spellforged Servitor     Conj/Summ      0%         N/A       100%        7


Dungeon Overview and Level Annotations

Branches:
Dungeon (3/15)

Altars:
Xom
Yredelemnul

Shops:
D:2 *   D:3 =*

Annotations:
D:3 Crazy Yiuf


Innate Abilities, Weirdness & Mutations

You have a pair of horns on your head.
You reflexively headbutt those who attack you in melee.


Message History

You barely miss Crazy Yiuf. You headbutt Crazy Yiuf.
Crazy Yiuf is lightly wounded.
Crazy Yiuf hits you but does no damage.
You are poisoned.
You closely miss Crazy Yiuf.
Crazy Yiuf is lightly wounded.
You feel very sick.
Crazy Yiuf hits you with a +2 quarterstaff of chaos.
You resist with some effort.
Crazy Yiuf hits you with a +2 quarterstaff of chaos!
You are more poisoned.
You closely miss Crazy Yiuf.
Crazy Yiuf is lightly wounded.
You feel sick.
Crazy Yiuf hits you with a +2 quarterstaff of chaos.
You hit Crazy Yiuf. You headbutt Crazy Yiuf.
Crazy Yiuf is heavily wounded.
You feel very sick. Crazy Yiuf barely misses you.
You barely miss Crazy Yiuf.
Crazy Yiuf is heavily wounded.
You feel sick.
Crazy Yiuf hits you with a +2 quarterstaff of chaos.
Crazy Yiuf burns you.
You closely miss Crazy Yiuf.
Crazy Yiuf is heavily wounded.
You feel sick. Crazy Yiuf barely misses you. x2
You barely miss Crazy Yiuf.
Crazy Yiuf is heavily wounded.
You feel sick.
Crazy Yiuf sings, "Trees, trees, trees, circus!"
Crazy Yiuf hits you with a +2 quarterstaff of chaos!
* * * LOW HITPOINT WARNING * * *
You are lethally poisoned!
You feel very mighty all of a sudden.
* * * LOW HITPOINT WARNING * * *
You feel very sick.
Crazy Yiuf hits you with a +2 quarterstaff of chaos.
You die...
Your body rises from the dead as a mindless zombie.

#Z#.#.##.........###
##.#
#ZZ....#.........#
#..#
#ZZ....##........#
###.##
#......'##########
###.).# #......##
#...### #......#
#.### #......# ###
♣♣###.# ########
#)..#♣♣ ♣♣.#...#
#######
#...g@♣♣♣♣......#


.ZZZZ.# #...#♣Z.♣Z.....## #####Z# ### ♣♣♣.♣..#.## ......# ♣♣♣♣♣### ......#
......# ......# ......# ....ZZ# You could see Crazy Yiuf (ally target) and a
friendly ball python zombie.

Vanquished Creatures
  4 crimson imps (D:3)
  A gnoll (D:1)
  3 adders
  A worm (D:2)
  7 orcs (D:3)
  3 ball pythons
  4 endoplasms
  4 giant cockroaches
  5 hobgoblins
  4 jackals (D:2)
  4 quokkas
  3 bats
  3 frilled lizards (D:1)
  2 goblins (D:3)
  8 kobolds
  5 rats
61 creatures vanquished.

Vanquished Creatures (collateral kills)
  2 endoplasms
  2 quokkas
  A ball python (D:1)
  2 frilled lizards
  A rat (D:1)
8 creatures vanquished.

Vanquished Creatures (others)
  2 bat zombies (D:1)
  A ball python zombie (D:1)
  An endoplasm zombie (D:2)
  A giant cockroach zombie (D:3)
  A jackal zombie (D:2)
  An orc zombie (D:3)
7 creatures vanquished.

Grand Total: 76 creatures vanquished

Notes
Turn   | Place    | Note
-------+----------+-------------------------------------------
     0 | D:1      | lonewolfV2 the Minotaur Fighter began the quest for the
                  | Orb.
     0 | D:1      | Reached XP level 1. HP: 19/19 MP: 0/0
   139 | D:1      | Found a faded altar of an unknown god.
   147 | D:1      | Reached skill level 4 in Fighting
   147 | D:1      | Reached XP level 2. HP: 15/27 MP: 1/1
   214 | D:1      | Prayed at the altar of an unknown god.
   214 | D:1      | Became a worshipper of Yredelemnul the Dark
   214 | D:1      | Reached * piety under Yredelemnul
   569 | D:1      | Reached ** piety under Yredelemnul
   669 | D:1      | Reached XP level 3. HP: 34/34 MP: 2/2
  1392 | D:2      | Reached XP level 4. HP: 41/41 MP: 3/3
  1661 | D:2      | Found Tireirgh's General Store.
  1730 | D:3      | Reached skill level 5 in Fighting
  1799 | D:3      | Found a shimmering altar of Xom.
  1856 | D:3      | Found Fous's Assorted Antiques.
  2066 | D:3      | Reached skill level 5 in Axes
  2066 | D:3      | Reached XP level 5. HP: 50/50 MP: 2/4
  2112 | D:3      | Found Hiyc's Jewellery Boutique.
  2123 | D:3      | Reached skill level 6 in Fighting
  2517 | D:3      | Found a runed translucent door.
  2518 | D:3      | Noticed Crazy Yiuf
  2693 | D:3      | Slain by Crazy Yiuf

Illustrated notes

Levels and vault maps discovered:
D:1:      giann_horns, layout_rooms, serial_corexii_hall,
          corexii_hall_statues_t, chequers_hall_statues_y,
          shapermc_ecumenical_altar_notcrosses
D:2:      layout_loops_ring, serial_shops, nicolae_shop_peninsula
D:3:      layout_basic, led_xom_imps, serial_shops, shop, nicolae_shop_trees,
          uniq_crazy_yiuf_cottage

Skill      XL: |  1  2  3  4  5 |
---------------+----------------+-----
Fighting       | 4 5 6 |  6.2
Axes           | 3 4 5 |  5.5
Armour         | |  3.6
Shields        | |  3.6

Action                     |  1- 3 |  4- 6 || total
---------------------------+-------+-------++-------
  Melee: War axe           |    68 |    66 ||   134
         Headbutt          |     5 |    13 ||    18
 Invoke: Recall Undead Har |     2 |     3 ||     5
    Use: Scroll            |     4 |       ||     4
         Potion            |       |     1 ||     1
   Stab: Distracted        |     1 |       ||     1
 Armour: Scale mail        |    27 |    32 ||    59
  Dodge: Dodged            |    33 |    31 ||    64
  Block: Buckler           |    16 |    15 ||    31
